[Event "Team 45 45 League T43"]
[Site "Internet Chess Club"]
[Date "2009.11.11"]
[Round "3"]
[White "Caminator"]
[Black "JCA"]
[Result "1-0"]
[WhiteElo "1887"]
[BlackElo "1550"]
[Opening "Bishop's opening: Berlin defense"]
[ECO "C24"]
[Time "22:00:22"]
[TimeControl "2700+45"]

1. e4 e5 2. Bc4 Nf6 3. d3 Be7 4. Nc3 c6 5. Bg5 O-O 6. Nf3 d6 7. h3 a5 8. a4 Nbd7
9. O-O Nb6 10. Bb3 h6 11. Be3 Nh5 12. Qd2 g5 13. Ne2 Kh7 14. Nh2 d5 15. Bxb6
Qxb6 16. exd5 cxd5 17. Bxd5 Be6 18. Bxe6 Qxe6 19. Rfe1 Qd5 20. Nc3 Qd6 21. Nf3
f6 22. Nb5 Qb6 23. d4 Rad8 24. c3 Rd7 25. Qc2+ Kg7 26. dxe5 Nf4 27. exf6+ Bxf6
28. Nfd4 Bxd4 29. Nxd4 Rdf7 30. f3 Qd6 31. Rad1 Qf6 32. Qb3 h5 33. Ne6+ Nxe6 34.
Qxe6 Qxe6 35. Rxe6 Rf4 36. Rd4 R8f6 37. Rxf6 Kxf6 38. Rxf4+ gxf4 39. Kf2 Ke5 40.
Ke2 Kd5 41. Kd3 b6 42. h4 {Black resigns} 1-0

[Event "Team 45 45 League T43"]
[Site "Internet Chess Club"]
[Date "2009.11.15"]
[Round "3"]
[White "LoseOften"]
[Black "chess92192"]
[Result "0-1"]
[WhiteElo "1809"]
[BlackElo "1975"]
[Opening "French: classical, Steinitz variation"]
[ECO "C14"]
[Time "14:00:40"]
[TimeControl "2700+45"]

1. e4 e6 2. d4 d5 3. Nc3 Nf6 4. Bg5 Be7 5. e5 Nfd7 6. Bxe7 Qxe7 7. f4 a6 8. Nf3
c5 9. Qd2 Nc6 10. O-O-O b5 11. f5 Nb6 12. fxe6 fxe6 13. dxc5 Qxc5 14. Bd3 Nc4
15. Qg5 Qe3+ 16. Qxe3 Nxe3 17. Rd2 O-O 18. Re2 Nc4 19. Bxc4 bxc4 20. Ree1 Rf5
21. Ne2 Nxe5 22. Ned4 Nxf3 23. gxf3 Rf6 24. Re5 Bd7 25. Rhe1 Re8 26. Kd2 Kf7 27.
Kc3 Rf4 28. R1e3 a5 29. Re2 h6 30. R2e3 g5 31. Re2 Rh4 32. R5e3 Kf6 33. Re5 Rf4
34. R2e3 Rh4 35. Re2 Rh3 36. Kd2 Rxh2 37. Rxe6+ Bxe6 38. Rxh2 Kg6 39. Kc3 Bd7
40. Ne2 Re3+ 41. Kd4 Rxf3 42. Kxd5 h5 43. Nd4 Rf4 44. Kxc4 g4 45. Kd3 g3 46. Rg2
h4 47. Ke3 Kg5 48. Ne2 Rf3+ 49. Kxf3 Bc6+ 50. Ke3 Bxg2 51. Nf4 h3 52. Ne2 Kg4
{White resigns} 0-1

[Event "Team 45 45 League T43"]
[Site "Internet Chess Club"]
[Date "2009.11.14"]
[Round "3"]
[White "hewdondada"]
[Black "shijith"]
[Result "0-1"]
[WhiteElo "1782"]
[BlackElo "1832"]
[Opening "Trompowsky attack (Ruth, Opocenský opening)"]
[ECO "A45"]
[Time "10:36:04"]
[TimeControl "2700+45"]

1. d4 Nf6 2. Bg5 Ne4 3. Bf4 g6 4. f3 Nf6 5. e4 d6 6. Bc4 Bg7 7. c3 O-O 8. Ne2 c5
9. O-O Qb6 10. Qd2 Nc6 11. Be3 cxd4 12. cxd4 Qb4 13. a3 Qxc4 {White resigns} 0-1

[Event "Team 45 45 League T43"]
[Site "Internet Chess Club"]
[Date "2009.11.13"]
[Round "3"]
[White "rubo"]
[Black "mugurelt"]
[Result "1/2-1/2"]
[WhiteElo "1757"]
[BlackElo "1767"]
[Opening "Bird's opening"]
[ECO "A03"]
[Time "17:00:24"]
[TimeControl "2700+45"]

1. f4 d5 2. Nf3 Nf6 3. e3 Bg4 4. h3 Bxf3 5. Qxf3 e6 6. b3 Bd6 7. Bb2 c5 8. c4
Nc6 9. cxd5 exd5 10. Bb5 a6 11. Bxc6+ bxc6 12. Nc3 Qe7 13. O-O O-O 14. Rac1 Rae8
15. Rfe1 Qd8 16. Na4 Qa5 17. Bc3 Qb5 18. Bxf6 gxf6 19. Rc2 Qd3 20. Rec1 Kh8 21.
Qf1 Qg6 22. Nxc5 Rg8 23. Kh1 Rg7 24. Qf2 Reg8 25. d4 Bxc5 26. Rxc5 Qxg2+ 27.
Qxg2 Rxg2 28. R5c2 R2g3 29. Kh2 Rxe3 30. Rxc6 Re2+ 31. Kh1 Rxa2 32. Rxf6 Rd2 33.
Rxf7 Rxd4 34. Rcc7 Rd1+ 35. Kh2 Rd2+ 36. Kh1 {Game drawn by mutual agreement}
1/2-1/2

[Event "Team 45 45 League T43"]
[Site "Internet Chess Club"]
[Date "2009.11.17"]
[Round "3"]
[White "RD1974"]
[Black "Beancounter"]
[Result "1-0"]
[WhiteElo "1669"]
[BlackElo "1624"]
[Opening "Caro-Kann: anti-anti-Caro-Kann defense"]
[ECO "B10"]
[Time "13:59:26"]
[TimeControl "2700+45"]

1. e4 c6 2. c4 d5 3. cxd5 cxd5 4. exd5 Qxd5 5. Nc3 Qd8 6. d4 Nf6 7. Nf3 e6 8.
Bf4 Nc6 9. Bc4 Bd6 10. Bg5 Be7 11. O-O O-O 12. Re1 h6 13. Bh4 Nd5 14. Bg3 Nxc3
15. bxc3 Bf6 16. Rb1 Ne7 17. Bb3 b6 18. Qd3 Bb7 19. Bc2 g6 20. Ne5 Bg7 21. h4 h5
22. Nc4 Nf5 23. Bb3 Nxg3 24. Qxg3 Bd5 25. Ne5 Bxb3 26. axb3 Kh7 27. Nf3 Rc8 28.
Ng5+ Kg8 29. Rbd1 b5 30. Ra1 Qd7 31. Ne4 Rc7 32. Rad1 Qd5 33. Qxc7 {Black
resigns} 1-0

[Event "Team 45 45 League T43"]
[Site "Internet Chess Club"]
[Date "2009.11.15"]
[Round "3"]
[White "crag"]
[Black "koni"]
[Result "1/2-1/2"]
[WhiteElo "1869"]
[BlackElo "2005"]
[Opening "Pirc defense"]
[ECO "B07"]
[Time "09:00:25"]
[TimeControl "2700+45"]

1. e4 d6 2. d4 Nf6 3. Nc3 e5 4. dxe5 dxe5 5. Qxd8+ Kxd8 6. Nf3 Bd6 7. Bc4 Ke7 8.
Be3 c6 9. Ng5 Rf8 10. O-O-O Be6 11. Bxe6 fxe6 12. Rxd6 Kxd6 13. Rd1+ Nd5 14.
exd5 exd5 15. Bc5+ Kxc5 16. Ne6+ Kd6 17. Nxf8 Na6 18. Nxh7 Rh8 19. Ne4+ Ke7 20.
Neg5 Nc5 21. h4 Ne6 22. Rh1 Nf4 23. g3 Ne2+ 24. Kd2 Nd4 25. g4 e4 26. c3 Nb5 27.
Re1 Nd6 28. b3 Kd7 29. a4 a6 30. h5 b5 31. Ra1 b4 32. cxb4 Rb8 33. Kc3 a5 34.
bxa5 c5 35. Nh3 d4+ 36. Kc2 Ra8 37. N7g5 Rxa5 38. Nf4 c4 39. Nge6 d3+ 40. Kc3
cxb3 41. Kxb3 Ne8 42. Kb4 Re5 43. Rd1 Kd6 44. a5 Nc7 45. Nxc7 Kxc7 46. Nxd3 exd3
47. Rxd3 Re4+ 48. Kb5 Rxg4 49. Rc3+ Kb7 50. a6+ Ka7 51. Rc7+ Kb8 52. Rc4 Rg1 53.
f4 Rh1 54. Rc5 Rb1+ 55. Ka5 Ra1+ 56. Kb6 Ra4 57. Rd5 Rb4+ 58. Rb5 Rxf4 59. a7+
Ka8 60. Ka6 Rf6+ 61. Rb6 Rh6 62. Rxh6 gxh6 63. Kb5 Kxa7 64. Kc6 Kb8 65. Kd6 Kc8
66. Ke6 Kd8 67. Kf7 Kd7 68. Kg7 Ke7 69. Kxh6 Kf8 70. Kh7 Kf7 71. h6 Kf8 72. Kh8
Kf7 73. h7 Kf8 {White stalemated} 1/2-1/2

[Event "Team 45 45 League T43"]
[Site "Internet Chess Club"]
[Date "2009.11.15"]
[Round "3"]
[White "IceBox"]
[Black "jps7"]
[Result "1-0"]
[WhiteElo "1755"]
[BlackElo "1725"]
[Opening "QGD: Alapin variation"]
[ECO "D31"]
[Time "13:00:18"]
[TimeControl "2700+45"]

1. d4 d5 2. c4 e6 3. Nc3 b6 4. Nf3 Bb7 5. Bf4 a6 6. e3 Nf6 7. Bd3 Bd6 8. Bg3 O-O
9. O-O Ne4 10. Qc2 f5 11. Nd2 Nxg3 12. hxg3 Nd7 13. a3 Rf6 14. b4 c5 15. cxd5
cxd4 16. exd4 exd5 17. Bxf5 Rh6 18. Nf3 Qc7 19. Ne2 Qd8 20. Bxd7 Qxd7 21. Qd2
Qf7 22. Ne5 Qh5 23. f4 Re8 24. Kf2 Bxe5 25. dxe5 Qf7 26. Rh1 Rxh1 27. Rxh1 Rxe5
28. Qd3 g6 29. Rc1 Re7 30. Nd4 Rc7 31. Re1 Re7 32. Rc1 Rc7 33. Re1 Rc4 34. Re5
Qc7 35. Qe3 Rc3 36. Re8+ Kg7 37. Re7+ Kh6 38. Rxc7 Rxe3 39. Kxe3 Ba8 40. Ra7 g5
41. Rxa8 gxf4+ 42. gxf4 {Black resigns} 1-0

[Event "Team 45 45 League T43"]
[Site "Internet Chess Club"]
[Date "2009.11.14"]
[Round "3"]
[White "tammany"]
[Black "chipionero"]
[Result "1/2-1/2"]
[WhiteElo "1800"]
[BlackElo "1686"]
[Opening "Réti opening"]
[ECO "A30"]
[Time "16:00:34"]
[TimeControl "2700+45"]

1. Nf3 c5 2. c4 d6 3. g3 g6 4. Bg2 Bg7 5. O-O Nf6 6. Nc3 O-O 7. a3 e6 8. b4 cxb4
9. axb4 Nbd7 10. Bb2 a6 11. Qc2 Qc7 12. d3 Rd8 13. Nd2 Nf8 14. Rfc1 Bd7 15. Nde4
Bc6 16. b5 Bd7 17. bxa6 Nxe4 18. Nxe4 Rxa6 19. Bxg7 Kxg7 20. Qb2+ e5 21. c5 Rxa1
22. Qxa1 d5 23. Nd6 Bc6 24. Qxe5+ Kg8 25. Bxd5 Bxd5 26. Qxd5 b6 27. Qf3 Rxd6 28.
Qf4 Rc6 29. Qxc7 Rxc7 30. c6 Ne6 31. e3 Nd8 32. d4 Rxc6 33. Rb1 Nb7 34. d5 Rd6
35. e4 f6 36. f4 g5 37. e5 fxe5 38. fxe5 Rxd5 39. Rxb6 Nc5 40. e6 Re5 41. Rb5
Nd3 42. Rxe5 Nxe5 43. Kf2 Kg7 44. h4 g4 45. h5 Kf6 46. Ke3 Kxe6 47. Kf4 h6 48.
Ke4 Kd6 49. Kd4 Nf3+ 50. Ke4 Nh2 51. Kf5 Ke7 52. Kg6 Kf8 53. Kxh6 Kf7 54. Kg5
Kg7 55. h6+ Kh7 56. Kh5 Kg8 57. Kg6 Kh8 58. h7 Nf1 59. Kg5 {Game drawn by mutual
agreement} 1/2-1/2

[Event "Team 45 45 League T43"]
[Site "Internet Chess Club"]
[Date "2009.11.17"]
[Round "3"]
[White "Mambo"]
[Black "UnderRated"]
[Result "1-0"]
[WhiteElo "1688"]
[BlackElo "1702"]
[Opening "Sicilian: Smith-Morra gambit"]
[ECO "B21"]
[Time "14:39:46"]
[TimeControl "2700+45"]

1. e4 c5 2. d4 cxd4 3. c3 dxc3 4. Bc4 e6 5. Nf3 d6 6. O-O a6 7. Nxc3 b5 8. Bb3
Nc6 9. Re1 Be7 10. Bf4 Ra7 11. Qe2 Nf6 12. Rad1 Rd7 13. Ng5 Ng8 14. Nxe6 fxe6
15. Bxe6 Rc7 16. e5 Bxe6 17. exd6 Bd7 18. dxc7 Qc8 19. Nd5 Kf7 20. Nb6 {Black
resigns} 1-0

[Event "Team 45 45 League T43"]
[Site "Internet Chess Club"]
[Date "2009.11.15"]
[Round "3"]
[White "Wheels"]
[Black "jjmolina"]
[Result "1-0"]
[WhiteElo "2005"]
[BlackElo "1679"]
[Opening "Caro-Kann: Tartakower (fantasy) variation"]
[ECO "B12"]
[Time "15:01:17"]
[TimeControl "2700+45"]

1. e4 c6 2. d4 d5 3. f3 e6 4. Nc3 Bb4 5. Bf4 Nf6 6. Qd3 b6 7. Ne2 Ba6 8. Qe3 O-O
9. O-O-O c5 10. g4 cxd4 11. Nxd4 Bxf1 12. Rhxf1 Re8 13. e5 Nfd7 14. Bg3 Qc8 15.
Nce2 Nc6 16. f4 Na5 17. c3 Bc5 18. h4 Nc4 19. Qd3 Qa6 20. Kb1 Rec8 21. b3 Na3+
22. Ka1 Qxd3 23. Rxd3 Re8 24. Rc1 Rac8 25. Kb2 a5 26. c4 Bb4 27. cxd5 Rxc1 28.
Nxc1 exd5 29. Nc6 Rc8 30. Nxb4 axb4 31. Rd2 Nc5 32. Be1 Ne4 33. Re2 Nb5 34. Bxb4
Nd4 35. Rg2 Nf3 36. h5 Nd4 37. Nd3 Nf3 38. Rc2 Rxc2+ 39. Kxc2 Nh2 40. g5 Ng3 41.
Bd2 Nxh5 42. Be3 b5 43. a4 bxa4 44. bxa4 Nf3 45. a5 d4 46. Bd2 Ng3 47. a6 Ne4
48. a7 {Black resigns} 1-0

[Event "Team 45 45 League T43"]
[Site "Internet Chess Club"]
[Date "2009.11.15"]
[Round "3"]
[White "andrew28"]
[Black "Philly-Boy"]
[Result "1-0"]
[WhiteElo "1722"]
[BlackElo "1852"]
[Opening "Scandinavian defense"]
[ECO "B01"]
[Time "12:22:02"]
[TimeControl "2700+45"]

1. e4 d5 2. exd5 Nf6 3. d4 Bg4 4. f3 Bf5 5. Bd3 Bxd3 6. Qxd3 Qxd5 7. Ne2 Nc6 8.
Nbc3 Qh5 9. Be3 O-O-O 10. O-O-O Qa5 11. Kb1 e6 12. Qb5 Qxb5 13. Nxb5 Nd5 14. Bf2
a6 15. Nbc3 Be7 16. Rhe1 Rhe8 17. Nxd5 exd5 18. Nc3 Rd7 19. Bh4 Red8 20. Bxe7
Rxe7 21. Rxe7 Nxe7 22. Ne2 Nf5 23. Rd2 Re8 24. c3 Kd7 25. Nf4 Re1+ 26. Kc2 Kd6
27. Nd3 Ne3+ 28. Kb3 Nc4 29. Nxe1 Nxd2+ 30. Kc2 Nf1 31. h3 f5 32. g4 f4 33. h4
b6 34. Ng2 Nh2 35. Ne1 c5 36. Kd3 Nf1 37. Ng2 c4+ 38. Ke2 Ng3+ 39. Kf2 h5 40.
Nxf4 {Black resigns} 1-0

[Event "Team 45 45 League T43"]
[Site "Internet Chess Club"]
[Date "2009.11.14"]
[Round "3"]
[White "Fuzzie"]
[Black "mongmong"]
[Result "1-0"]
[WhiteElo "1781"]
[BlackElo "1529"]
[Opening "French: King's Indian attack"]
[ECO "C00"]
[Time "20:03:37"]
[TimeControl "2700+45"]

1. e4 e6 2. d3 d5 3. Nd2 Nf6 4. Ngf3 Be7 5. e5 Nfd7 6. d4 c5 7. c3 Nc6 8. Bd3
cxd4 9. cxd4 Nb6 10. O-O Bd7 11. a3 Na5 12. Ne1 Rc8 13. f4 Nac4 14. Qe2 Nxd2 15.
Bxd2 Nc4 16. Bc3 a5 17. Nc2 b5 18. Qe1 b4 19. axb4 axb4 20. Nxb4 Qb6 21. Bxc4
Rxc4 22. Nc2 O-O 23. Qd2 Rfc8 24. Ra2 Ba4 25. Ne3 Qb3 26. Rfa1 Bb5 27. Nxc4 Qxc4
28. Ra8 g6 29. Rxc8+ Qxc8 30. Bb4 {Black resigns} 1-0

[Event "Team 45 45 League T43"]
[Site "Internet Chess Club"]
[Date "2009.11.15"]
[Round "3"]
[White "Juan73"]
[Black "SquAREA51"]
[Result "0-1"]
[WhiteElo "1592"]
[BlackElo "1616"]
[Opening "French: exchange, Svenonius variation"]
[ECO "C01"]
[Time "20:02:41"]
[TimeControl "2700+45"]

1. e4 e6 2. d4 d5 3. exd5 exd5 4. Nc3 Nf6 5. Bg5 c6 6. Nf3 Bd6 7. Bd3 O-O 8. Qd2
Re8+ 9. Ne2 Be6 10. O-O-O Nbd7 11. Ng3 Qc7 12. Kb1 Ne4 13. Nxe4 dxe4 14. Bxe4
Bxa2+ 15. Kxa2 Rxe4 16. h4 a5 17. Be3 Bf4 18. Ng5 Bxe3 19. fxe3 Re7 20. Rh3 Nf6
21. Qe2 Nd5 22. Rf3 h6 23. Nh3 a4 24. e4 a3 25. c3 axb2+ 26. Kxb2 Qb6+ 27. Kc1
Ra1+ 28. Kd2 Ra2+ 29. Ke1 Rxe2+ 30. Kxe2 Qb2+ 31. Rd2 Rxe4+ {White resigns} 0-1

[Event "Team 45 45 League T43"]
[Site "Internet Chess Club"]
[Date "2009.11.15"]
[Round "3"]
[White "GeofDeV"]
[Black "zachi"]
[Result "1-0"]
[WhiteElo "1870"]
[BlackElo "1954"]
[Opening "QGD Slav: 4.Nc3"]
[ECO "D15"]
[Time "09:00:40"]
[TimeControl "2700+45"]

1. d4 d5 2. c4 c6 3. Nf3 Nf6 4. Nc3 a6 5. c5 Bf5 6. h3 Qc7 7. g3 Nbd7 8. Bf4 Qc8
9. g4 Bg6 10. e3 Ne4 11. Rc1 Ndf6 12. Ne5 Nxc3 13. Rxc3 Ne4 14. Rb3 e6 15. f3
Nf6 16. h4 h6 17. Nxg6 fxg6 18. Bd3 Qd7 19. Bxg6+ Kd8 20. Kf2 Be7 21. g5 Ng8 22.
Qg1 h5 23. Be5 Bf8 24. Qe1 Ne7 25. Bd3 Rg8 26. Qa5+ Kc8 27. Ke2 g6 28. Kd2 Bg7
29. Bd6 Nf5 30. Bxf5 exf5 31. Qc3 Re8 32. Bf4 Bf8 33. Qc1 Be7 34. Qg1 Bd8 35.
Qh2 Bc7 36. Bxc7 Qxc7 37. Qxc7+ Kxc7 38. f4 Re7 39. Rc1 Rae8 40. Rcc3 Kc8 41.
Rb6 Kc7 42. b4 Ra8 43. a4 Ree8 44. Rb3 Reb8 45. Ke2 Kc8 46. Kf3 Kc7 47. b5 axb5
48. axb5 cxb5 49. R3xb5 Ra6 50. Rxa6 bxa6 51. Rxb8 Kxb8 52. Ke2 Kc7 53. Kd3 a5
54. Kc3 Kc6 55. Kb3 Kb7 56. Ka4 Ka6 57. c6 Kb6 58. c7 Kxc7 59. Kxa5 Kc6 60. Ka6
Kc7 61. Kb5 Kd6 62. Kb6 Kd7 63. Kc5 Ke6 64. Kc6 {Black resigns} 1-0

[Event "Team 45 45 League T43"]
[Site "Internet Chess Club"]
[Date "2009.11.14"]
[Round "3"]
[White "mfeatherston"]
[Black "jefferyx"]
[Result "1/2-1/2"]
[WhiteElo "1870"]
[BlackElo "2001"]
[Opening "Sicilian: Grand Prix attack"]
[ECO "B23"]
[Time "10:31:22"]
[TimeControl "2700+45"]

1. e4 c5 2. Nc3 Nc6 3. f4 g6 4. Nf3 Bg7 5. Bb5 e6 6. Bxc6 bxc6 7. e5 f5 8. d3
Ne7 9. O-O Nd5 10. Qe1 Ba6 11. Na4 c4 12. Nc5 cxd3 13. cxd3 Qb6 14. Qf2 Bf8 15.
Nxa6 Qxa6 16. d4 Be7 17. Kh1 O-O 18. Bd2 Rab8 19. b3 Rfc8 20. h4 c5 21. h5 cxd4
22. hxg6 hxg6 23. Qxd4 Rc2 24. Rfc1 Rbc8 25. Rxc2 Rxc2 26. Qf2 Kg7 27. a3 Rb2
28. Qd4 Rxb3 29. Bb4 Qb7 30. Bxe7 Nxe7 31. Qd6 Nd5 32. Rd1 Rb1 33. Rxb1 Qxb1+
34. Kh2 Qb7 35. a4 Qc7 36. Qxc7 Nxc7 37. a5 Nd5 38. g3 Nb4 39. Nd2 Nc6 40. Nc4
g5 41. Kg2 gxf4 42. gxf4 Nd4 43. Nd6 Nc6 44. Nc4 Kg6 45. Kf3 Kf7 46. Nd6+ Ke7
47. Nb7 Nd4+ 48. Ke3 Nb5 49. a6 d6 50. exd6+ Nxd6 51. Kd4 Nb5+ 52. Ke5 Na3 53.
Nc5 Nc4+ 54. Kd4 Nb6 55. Nb7 {Game drawn by mutual agreement} 1/2-1/2

[Event "Team 45 45 League T43"]
[Site "Internet Chess Club"]
[Date "2009.11.13"]
[Round "3"]
[White "pishd"]
[Black "Grenadier"]
[Result "1-0"]
[WhiteElo "1715"]
[BlackElo "1672"]
[Opening "Queen's pawn game"]
[ECO "A46"]
[Time "08:08:09"]
[TimeControl "2700+45"]

1. d4 Nf6 2. Nf3 d6 3. c4 Bg4 4. Qb3 b6 5. h3 Bf5 6. Nc3 Nbd7 7. Bf4 g6 8. Nd2
e5 9. dxe5 Nxe5 10. Bxe5 dxe5 11. Qb5+ Qd7 12. Qxe5+ Be7 13. Nd5 Rd8 14. Nxf6+
{Black resigns} 1-0

[Event "Team 45 45 League T43"]
[Site "Internet Chess Club"]
[Date "2009.11.15"]
[Round "3"]
[White "GoIrish"]
[Black "Quaq"]
[Result "0-1"]
[WhiteElo "1576"]
[BlackElo "1609"]
[Opening "Réti: King's Indian attack (Barcza system)"]
[ECO "A07"]
[Time "06:30:42"]
[TimeControl "2700+45"]

1. Nf3 d5 2. g3 c6 3. Bg2 Bg4 4. O-O Nd7 5. d3 Ngf6 6. h3 Bh5 7. g4 Bg6 8. Nbd2
h6 9. Qe1 e6 10. e4 dxe4 11. dxe4 Bc5 12. c4 O-O 13. e5 Nh7 14. Ne4 Be7 15. Kh1
Nc5 16. Nfd2 Nd3 17. Qe3 Nxe5 18. c5 Nd3 19. Nc4 Bxe4 20. Bxe4 Nxc5 21. Bg2 Qd3
22. Na5 Qxe3 23. Bxe3 Rab8 24. Rad1 Nf6 25. b4 Na6 26. a3 Nd5 27. Bxa7 Ra8 28.
Bd4 c5 29. bxc5 Nxc5 30. Bxc5 Bxc5 31. Nxb7 Bxa3 32. Bxd5 exd5 33. Rxd5 Rab8 34.
Rd7 Bb2 35. f4 Bf6 36. Re1 Rfe8 37. Rxe8+ Rxe8 38. Nd6 Re1+ 39. Kg2 Be7 40. Nf5
Bc5 41. Kf3 Rf1+ 42. Ke4 Re1+ 43. Kf3 Rf1+ 44. Ke4 Re1+ 45. Kf3 Re6 46. Nd4 Bxd4
47. Rxd4 Kf8 48. f5 Re5 49. Re4 Ra5 50. Kf4 g5+ 51. fxg6 fxg6 52. h4 Kf7 53. Re5
Ra4+ 54. Re4 Ra1 55. g5 Rf1+ 56. Kg4 Rg1+ 57. Kf4 h5 58. Ke5 Rg2 59. Rf4+ Kg7
60. Ra4 Re2+ 61. Re4 Rg2 62. Ke6 Rg4 63. Ke5 Rg3 64. Kf4 Rg1 65. Ra4 Rg4+ {White
resigns} 0-1

[Event "Team 45 45 League T43"]
[Site "Internet Chess Club"]
[Date "2009.11.17"]
[Round "3"]
[White "mickeys"]
[Black "Gregorio"]
[Result "0-1"]
[WhiteElo "1874"]
[BlackElo "2086"]
[Opening "Queen's Indian: 4.Nc3"]
[ECO "E12"]
[Time "20:02:10"]
[TimeControl "2700+45"]

1. d4 Nf6 2. Nf3 e6 3. c4 b6 4. Nc3 Bb7 5. e3 d5 6. cxd5 Nxd5 7. Bb5+ c6 8. Bd3
Bb4 9. Bd2 Nxc3 10. bxc3 Bd6 11. O-O Nd7 12. e4 e5 13. Qb3 h6 14. Bc4 O-O 15. a4
Qe7 16. Rfe1 a6 17. Bd3 b5 18. Rab1 Nb6 19. axb5 axb5 20. dxe5 Bc5 21. Bf4 Rfd8
22. Qc2 Ra3 23. Ra1 Rda8 24. Rxa3 Rxa3 25. Rb1 Na4 26. Bd2 Qd8 27. Bf1 Qb6 28.
Be1 Bc8 29. Bc4 Qa7 30. Bb3 Bg4 31. Nd4 Bd7 32. e6 fxe6 33. Nxe6 Bxe6 34. Bxe6+
Kh8 35. Rd1 Qe7 36. e5 Qe8 37. Kf1 Bf8 38. Qf5 Nc5 39. Bf7 Qe7 40. f4 Ra7 41.
Bg6 Ra8 42. Rd6 Qc7 43. Rd1 Be7 44. Qg4 Rf8 45. Bf5 g5 46. fxg5 Qc8 47. gxh6
Qxf5+ 48. Qxf5 Rxf5+ 49. Kg1 Ne4 50. c4 Bc5+ 51. Kh1 Rf1# {White checkmated} 0-1

[Event "Team 45 45 League T43"]
[Site "Internet Chess Club"]
[Date "2009.11.17"]
[Round "3"]
[White "Harmonicus"]
[Black "Dostoy"]
[Result "1-0"]
[WhiteElo "1835"]
[BlackElo "1740"]
[Opening "Caro-Kann: anti-anti-Caro-Kann defense"]
[ECO "B10"]
[Time "17:00:14"]
[TimeControl "2700+45"]

1. e4 c6 2. c4 d5 3. cxd5 cxd5 4. exd5 Nf6 5. Nc3 Nxd5 6. Nf3 e6 7. Bb5+ Bd7 8.
Bxd7+ Qxd7 9. O-O Nc6 10. d4 Be7 11. Re1 O-O 12. a3 Rfd8 13. Be3 Bf6 14. Qd2
Rac8 15. Rad1 Nde7 16. Ne4 Nd5 17. Nxf6+ Nxf6 18. Bg5 Ne7 19. Bxf6 gxf6 20. Qh6
Nd5 21. Re4 f5 22. Ne5 Qe7 23. Rh4 f6 24. Nd3 Qg7 25. Nc5 Re8 26. Qh5 b6 27.
Nxe6 Qg6 28. Qxg6+ hxg6 29. Nf4 g5 30. Nxd5 gxh4 31. Nxf6+ Kf7 32. Nxe8 Rxe8 33.
Kf1 Rd8 34. Ke2 Ke6 35. Ke3 Rc8 36. d5+ Kd6 37. Rd2 Rc1 38. h3 Rg1 39. f3 Re1+
40. Kf4 Re5 41. Kg5 Kd7 42. Kxh4 Re8 43. Kg5 Rf8 44. d6 f4 45. h4 Rg8+ 46. Kxf4
{Black resigns} 1-0

[Event "Team 45 45 League T43"]
[Site "Internet Chess Club"]
[Date "2009.11.13"]
[Round "3"]
[White "az2112"]
[Black "Kingofknights"]
[Result "0-1"]
[WhiteElo "1754"]
[BlackElo "1743"]
[Opening "Caro-Kann: Steinitz variation"]
[ECO "B17"]
[Time "21:29:07"]
[TimeControl "2700+45"]

1. e4 c6 2. d4 d5 3. Nc3 dxe4 4. Nxe4 Nd7 5. Bc4 e6 6. Nf3 Ngf6 7. Neg5 Nb6 8.
Bb3 h6 9. Nh3 Be7 10. O-O O-O 11. Re1 c5 12. c3 Nbd5 13. Nf4 Nxf4 14. Bxf4 b6
15. Ne5 Bb7 16. Qe2 Bd5 17. Bxd5 Qxd5 18. Qf3 cxd4 19. cxd4 Rac8 20. Qe3 Rfd8
21. Nf3 Ng4 22. Qd2 a5 23. h3 Bb4 {White resigns} 0-1

[Event "Team 45 45 League T43"]
[Site "Internet Chess Club"]
[Date "2009.11.15"]
[Round "3"]
[White "Frankly"]
[Black "dscvdchk"]
[Result "1-0"]
[WhiteElo "1616"]
[BlackElo "1655"]
[Opening "Grünfeld with Bf4 & e3"]
[ECO "D93"]
[Time "09:07:47"]
[TimeControl "2700+45"]

1. d4 Nf6 2. c4 g6 3. Nc3 d5 4. Bf4 Bg7 5. e3 O-O 6. Nf3 c5 7. dxc5 Qa5 8. Rc1
dxc4 9. Bxc4 Qxc5 10. Bb3 Qa5 11. O-O Nc6 12. a3 Rd8 13. Qe2 Bg4 14. Ba2 e5 15.
Bg5 e4 16. Bxf6 Bxf6 17. Nxe4 Bg7 18. Bxf7+ Kxf7 19. Nfg5+ Kg8 20. Qxg4 Qe5 21.
Rc5 Rd5 22. f4 Qf5 23. Qxf5 Rxf5 24. Rxf5 gxf5 25. Nd6 Bxb2 26. Rb1 Bxa3 27.
Nxf5 b6 28. Rd1 Rd8 29. Rxd8+ Nxd8 30. Kf2 a5 31. Nd4 h6 32. Ne4 Kf7 33. Nc3 Kf6
34. Na4 b5 35. Nxb5 Bc5 36. Nxc5 {Black resigns} 1-0

[Event "Team 45 45 League T43"]
[Site "Internet Chess Club"]
[Date "2009.11.12"]
[Round "3"]
[White "CHESSISTA1"]
[Black "BigW"]
[Result "1-0"]
[WhiteElo "1845"]
[BlackElo "1952"]
[Opening "English: four knights, kingside fianchetto"]
[ECO "A29"]
[Time "20:09:47"]
[TimeControl "2700+45"]

1. c4 Nf6 2. Nc3 e5 3. Nf3 Nc6 4. g3 Bc5 5. d3 O-O 6. Bg2 d6 7. O-O Re8 8. a3 a6
9. Bg5 h6 10. Bxf6 Qxf6 11. Nd5 Qd8 12. e3 Ne7 13. Nd2 Nxd5 14. Bxd5 c6 15. Bg2
Bf5 16. Qe2 Ba7 17. Rfd1 Qg5 18. b4 Rad8 19. Ne4 Qg4 20. Bf3 Qg6 21. Rac1 Bh3
22. c5 d5 23. Nd6 Re7 24. e4 Bb8 25. exd5 cxd5 26. Bxd5 Bxd6 27. Be4 f5 28. cxd6
Rxd6 29. Rc8+ Kh7 30. Bf3 b5 31. Rdc1 e4 32. R8c3 Ree6 33. dxe4 fxe4 34. Bh1 Rf6
35. Bxe4 Bf5 36. Bxf5 Rxf5 37. Rc5 Rf4 38. Rc8 Rdf6 39. Qa2 Rf7 40. Qc2 R7f5 41.
Rc6 Qg5 42. Rf1 Qg4 43. Rxa6 Rc4 44. Qd3 Rd4 45. Qe3 Rf3 46. Qe8 Rfd3 47. Ra8
Rd1 48. Qg8+ Kg6 49. Ra6+ Rd6 50. Rxd6+ Rxd6 51. Qe8+ Kh7 52. Qxb5 h5 53. Re1 h4
54. Qe2 Qg5 55. Qe4+ Rg6 56. a4 h3 57. b5 Qd8 58. Qf5 Qd2 59. Qxh3+ Kg8 60. Qc8+
Kh7 61. Re4 Qd1+ 62. Kg2 Qd5 63. Qc4 Qa8 64. f3 Qd8 65. Rh4+ Rh6 66. Rxh6+ Kxh6
67. Qh4+ Kg6 68. Qxd8 {Black resigns} 1-0

[Event "Team 45 45 League T43"]
[Site "Internet Chess Club"]
[Date "2009.11.19"]
[Round "3"]
[White "Holzschlange"]
[Black "makito"]
[Result "1/2-1/2"]
[WhiteElo "1898"]
[BlackElo "1869"]
[Opening "English, 1...Nf6 (Anglo-Indian defense)"]
[ECO "D33"]
[Time "12:20:25"]
[TimeControl "2700+45"]

1. c4 Nf6 2. g3 c5 3. Bg2 Nc6 4. Nc3 e6 5. Nf3 d5 6. cxd5 exd5 7. d4 h6 8. O-O
Be6 9. Qa4 Qd7 10. dxc5 Bxc5 11. Bf4 O-O 12. Rfd1 a6 13. Rac1 b5 14. Qc2 Nb4 15.
Qb1 Qa7 16. a3 Nc6 17. e3 Rac8 18. Ne5 Rfd8 19. Nxc6 Rxc6 20. Be5 Ng4 21. Bd4
Bxd4 22. Rxd4 Nf6 23. Rcd1 Qc7 24. e4 Bg4 25. f3 Bc8 26. exd5 Rcd6 27. f4 Qc5
28. Ne4 Nxe4 29. Bxe4 Bb7 30. b4 Qb6 31. Kg2 Re8 32. Qd3 Qd8 33. Qf3 Qf6 {Game
drawn by mutual agreement} 1/2-1/2

[Event "Team 45 45 League T43"]
[Site "Internet Chess Club"]
[Date "2009.11.14"]
[Round "3"]
[White "Kravier"]
[Black "monsterpawn"]
[Result "0-1"]
[WhiteElo "1700"]
[BlackElo "1861"]
[Opening "Queen's bishop game"]
[ECO "D02"]
[Time "21:03:09"]
[TimeControl "2700+45"]

1. Nf3 Nf6 2. d4 d5 3. Bf4 c5 4. e3 Qb6 5. b3 e6 6. Be2 Nc6 7. O-O Nh5 8. Bg5 h6
9. Bh4 g5 10. Bg3 Nxg3 11. fxg3 Bd7 12. Ne5 Nxe5 13. dxe5 Bg7 14. Nd2 Bxe5 15.
Rb1 Bc3 16. Bh5 Rf8 17. Rxf7 Rxf7 18. Qf3 O-O-O 19. Qxf7 Bxd2 20. c4 Bxe3+ 21.
Kh1 dxc4 22. Rd1 cxb3 23. axb3 Qxb3 24. Bf3 Bd4 25. Qh7 Rf8 26. Rf1 Bc6 27. Qb1
Qxb1 28. Rxb1 Rxf3 {White resigns} 0-1